[Event "IIFL Wealth 4th Mumbai GM"]
[Site "Mumbai"]
[Date "2019.01.03"]
[Round "5"]
[White "Wahba, David George"]
[Black "Nepal, Prakash"]
[Result "0-1"]
[ECO "B49"]
[WhiteElo "1295"]
[BlackElo "1902"]
[Annotator "NA"]
[PlyCount "82"]
[EventDate "2018.12.30"]
[EventType "swiss"]
[EventCountry "IND"]
[SourceTitle "playchess.com"]
[Source "ChessBase"]
[SourceQuality "1"]
[TimeControl "40/5400+30:1800+30"]

1. e4 c5 2. Nf3 e6 3. d4 cxd4 4. Nxd4 Nc6 5. Nc3 Qc7 6. Be3 a6 7. Be2 Nf6 8. O-O Bb4 9. f3 O-O 10. Qd2 d5 11. exd5 Nxd5 12. a3 Nxe3 13. Qxe3 Nxd4 14. Qxd4 Bc5 15. Qxc5 Qxc5+ 16. Kh1 b5 17. Rad1 Bb7 18. Rd7 Bc6 19. Rc7 Qd6 20. Rxc6 Qxc6 21. f4 Rad8 22. Bf3 Qc4 23. Be2 Qc5 24. h3 h6 25. Kh2 Rd4 26. Kh1 Rfd8 27. Kh2 Qf5 28. Kh1 Qxc2 29. Bf3 Qxb2 30. Nd1 Qxa3 31. Kh2 Rxf4 32. Kh1 Rxf3 33. gxf3 Rxd1 34. Rxd1 Qxf3+ 35. Kh2 Qxd1 36. h4 Qg4 37. h5 b4 38. Kh1 b3 39. Kh2 b2 40. Kh1 b1=Q+ 41. Kh2 Qbg1# 0-1

[Event "IIFL Wealth 4th Mumbai GM"]
[Site "Mumbai"]
[Date "2019.01.03"]
[Round "5"]
[White "Mahalakshmi D M"]
[Black "Vantika Agrawal"]
[Result "0-1"]
[ECO "A45"]
[WhiteElo "1145"]
[BlackElo "2143"]
[Annotator "NA"]
[PlyCount "102"]
[EventDate "2018.12.30"]
[EventType "swiss"]
[EventCountry "IND"]
[SourceTitle "playchess.com"]
[Source "ChessBase"]
[SourceQuality "1"]
[TimeControl "40/5400+30:1800+30"]

1. d4 Nf6 2. Bf4 g6 3. Nc3 d5 4. e3 Bg7 5. h4 h5 6. Nf3 c6 7. Qd2 Nbd7 8. Ne5 Nxe5 9. Bxe5 b5 10. f3 a5 11. Be2 Qb6 12. a4 b4 13. Na2 O-O 14. Nc1 c5 15. Nd3 cxd4 16. exd4 Nd7 17. Bxg7 Kxg7 18. g4 Nf6 19. gxh5 Nxh5 20. Nf4 Rh8 21. O-O-O Nxf4 22. Qxf4 Qf6 23. Qg3 Bf5 24. Bd3 Rac8 25. Kb1 Bxd3 26. Rxd3 Rh5 27. b3 e6 28. Kb2 Rch8 29. Qc7 Rxh4 30. Rxh4 Rxh4 31. Qxa5 Rxd4 32. Rxd4 Qxd4+ 33. Kb1 e5 34. Qb5 Qd1+ 35. Kb2 Qd4+ 36. Kb1 e4 37. fxe4 dxe4 38. a5 Qd1+ 39. Kb2 Qd4+ 40. Kb1 e3 41. a6 Qe4 42. Qe2 f5 43. Kc1 Qd4 44. Kb1 Qd2 45. Qf3 e2 46. Qb7+ Kf6 47. Qb6+ Ke5 48. Qc5+ Ke4 49. Qe7+ Kf3 50. Qb7+ Kf2 51. Qb6+ Qe3 0-1